 Dungeon Crawl Stone Soup version 0.18.1-50-g88ac8fd (webtiles) character file.

244 Inchmeat the Conjurer (level 5, -2/35 HPs)
             Began as a Demonspawn Wizard on Oct 5, 2016.
             Was an Initiate of Cheibriados.
             Slain by a scorpion (6 damage)
             ... on level 4 of the Dungeon.
             The game lasted 00:19:09 (5785 turns).

Inchmeat the Conjurer (Demonspawn Wizard)           Turns: 5785, Time: 00:19:10

Health: -2/35      AC:  5    Str: 12      XL:     5   Next: 83%
Magic:  0/10       EV: 13    Int: 19 (22) God:    Cheibriados [......]
Gold:   171        SH:  0    Dex: 11 (12) Spells: 5 memorised, 0 levels left

rFire  + + .     SeeInvis .     e - +0 whip
rCold  . . .     Gourm    .     a - +0 robe
rNeg   . . .     Faith    .     (no shield)
rPois  +         Spirit   .     (helmet restricted)
rElec  +         Dismiss  .     h - +0 cloak
rCorr  +         Reflect  .     (no gloves)
SustAt .         Harm     .     (no boots)
MR     .....                    (no amulet)
Stlth  +.........               p - ring of fire
                                l - +4 ring of strength

@: lethally poisoned (-2 -> -14), resistant, very slow, not resistant to hostile
enchantments, very unstealthy
A: hooves 1, horns 1, yellow scales 1, blink, powered by pain 1
a: Blink, Bend Time, Renounce Religion


You were on level 4 of the Dungeon.
You worshipped Cheibriados.
Cheibriados was noncommittal.
You were not hungry.

You visited 2 branches of the dungeon, and saw 6 of its levels.

You collected 171 gold pieces.

Inventory:

Hand Weapons
 e - a +0 whip (weapon)
 f - a +0 dagger
Armour
 a - a +0 robe (worn)
 b - a +0 hat
 h - a +0 cloak (worn)
 s - a +0 helmet
Jewellery
 l - a +4 ring of strength (left hand)
 p - a ring of fire (right hand)
Scrolls
 g - a scroll of teleportation
 j - a scroll of immolation {unknown}
Potions
 i - 2 potions of agility
Books
 c - a book of Minor Magic

   Spells                             Type                      Level
   a - Magic Dart                     Conjuration                  1
   b - Blink                          Translocation                2
   c - Call Imp                       Summoning                    2
   d - Repel Missiles                 Charms/Air                   2
   e - Slow                           Hexes                        2
   f - Conjure Flame                  Conjuration/Fire             3
   g - Mephitic Cloud                 Conjuration/Poison/Air       3
Comestibles
 d - 3 bread rations
 n - 2 slices of pizza
 q - 4 meat rations


   Skills:
 - Level 1.2 Maces & Flails
 * Level 3.1 Dodging
 - Level 1.7 Stealth
 - Level 3.7 Spellcasting
 - Level 3.8 Conjurations
   Level 1.0 Summonings
 + Level 0.8 Translocations
 * Level 1.8 Invocations


You couldn't memorise any spells.
You knew the following spells:

 Your Spells              Type           Power        Failure   Level  Hunger
a - Magic Dart            Conj           ###.         3%          1    None
b - Conjure Flame         Conj/Fire      ###.....     21%         3    ###....
c - Mephitic Cloud        Conj/Pois/Air  #.......     28%         3    ###....
d - Blink                 Tloc           N/A          17%         2    ##.....
e - Slow                  Hex            #.......     24%         2    ##.....


Dungeon Overview and Level Annotations

Branches:
Dungeon (5/15)             Temple (1/1) D:4

Altars:
Ashenzari
Cheibriados
Dithmenos
Kikubaaqudgha
Nemelex Xobeh
Okawaru
Trog
Yredelemnul
Zin

Annotations:
D:4 Robin


Innate Abilities, Weirdness & Mutations

You have large cloven feet.
You are partially covered in yellow scales (AC +2).
You sometimes gain a little power by taking damage.
You have a pair of small horns on your head.
You can translocate small distances at will.


Message History

Aiming: Magic Dart
Press: ? - help, Shift-Dir - straight line, f/p - scorpion
Aim: a scorpion (severely wounded, slow)
The magic dart hits the scorpion.
The scorpion is almost dead.
* * * LOW HITPOINT WARNING * * *
You feel sick.
The scorpion is no longer moving slowly.
* * * LOW HITPOINT WARNING * * *
You feel sick.
Drink which item? (? for menu, Esc to quit)
Okay, then.
Read which item? (? for menu, Esc to quit)
Okay, then.
You don't have enough magic at the moment.
Drink which item? (? for menu, Esc to quit)
Okay, then.
* * * LOW HITPOINT WARNING * * *
You feel sick. The scorpion stings you.
You die...

#####....#..##..#.....#..#...
#....#.......#....#..#...
#....#.......#....#..#...
#....#.......#....'..'...
#....#######.#....####...
#....#..####'##.........#
#....#........#.........+
#....#........'.........#
#....#..@.....#.........#
#....#.s..#####.........#
#....#'##### #.....##'##
#....#.....# #.....#....
#....#.....+ +.....#....
#....'....## #.....#....
#....#....# #.....#....
...(...#....# #####
.......#....#


You could see a scorpion.

Vanquished Creatures
  A crimson imp (D:5)
  A centaur skeleton (D:5)
  A howler monkey skeleton (D:4)
  7 adders
  An ooze (D:2)
  3 worms
  2 dart slugs
  A giant gecko (D:1)
  2 orcs (D:3)
  2 ball pythons (D:2)
  3 giant cockroaches (D:1)
  2 gnoll zombies (D:2)
  14 goblins
  14 hobgoblins
  12 kobolds
  12 bats
  3 giant newts
  12 rats
93 creatures vanquished.

Notes
Turn   | Place    | Note
--------------------------------------------------------------
     0 | D:1      | Inchmeat the Demonspawn Wizard began the quest for the Orb.
     0 | D:1      | Reached XP level 1. HP: 13/13 MP: 4/4
   253 | D:1      | Gained mutation: You sometimes gain a little power by taking damage. [demonic ancestry]
   253 | D:1      | Reached XP level 2. HP: 10/19 MP: 0/6
  1270 | D:1      | Gained mutation: You are partially covered in yellow scales (AC +2). [demonic ancestry]
  1270 | D:1      | Reached XP level 3. HP: 24/24 MP: 5/8
  2288 | D:2      | Reached skill level 1 in Maces & Flails
  2784 | D:2      | Learned a level 3 spell: Conjure Flame
  2788 | D:2      | Learned a level 3 spell: Mephitic Cloud
  2791 | D:2      | Learned a level 2 spell: Blink
  3179 | D:2      | Gained mutation: You have large cloven feet. [demonic ancestry]
  3179 | D:2      | Reached XP level 4. HP: 30/30 MP: 6/9
  3571 | D:2      | Found a basalt altar of Yredelemnul.
  4443 | D:3      | Reached XP level 5. HP: 21/35 MP: 0/10
  4889 | D:4      | Found a staircase to the Ecumenical Temple.
  4899 | Temple   | Entered the Ecumenical Temple
  4977 | Temple   | Became a worshipper of Cheibriados the Contemplative
  5130 | D:4      | Found a shattered altar of Ashenzari.
  5180 | D:4      | Noticed Robin
  5198 | D:4      | Gained mutation: You have a pair of small horns on your head. [potion of mutation]
  5198 | D:4      | Gained mutation: You can translocate small distances at will. [potion of mutation]
  5213 | D:5      | Entered Level 5 of the Dungeon
  5515 | D:5      | Reached skill level 1 in Invocations
  5724 | D:4      | Learned a level 2 spell: Slow
  5785 | D:4      | Slain by a scorpion

Skill      XL: |  1  2  3  4  5 |
---------------+----------------+-----
Dodging        | 2 3 |  3.1
Maces & Flails | 1 |  1.2
Conjurations   | 2 3 |  3.8
Invocations    | 1 |  1.8
Stealth        | |  1.7
Spellcasting   | |  3.7
Summonings     | |  1.0
Translocations | |  0.8

Action                   |  1- 3 |  4- 6 || total
-------------------------+-------+-------++-------
Melee: Whip              |    47 |    69 ||   116
       Dagger            |    16 |       ||    16
       Kick              |       |    15 ||    15
 Cast: Magic Dart        |   117 |   117 ||   234
Invok: Bend Time         |       |     1 ||     1
 Abil: Blink             |       |     1 ||     1
  Use: Potion            |       |     7 ||     7
       Scroll            |       |     7 ||     7
 Stab: Sleeping          |     1 |       ||     1
  Eat: Chunk             |     2 |     2 ||     4
       Bread ration      |     1 |     2 ||     3
Armor: Robe              |    24 |    42 ||    66
Dodge: Dodged            |    74 |    89 ||   163
